 Dungeon Crawl Stone Soup version 0.31.0-11-ge490571c62 (webtiles) character file.

Game seed: 3922811564209143044

43 PaiMei the Grave Robber (level 3, -4/26 HPs)
             Began as a Demonspawn Necromancer on Jan 31, 2024.
             Slain by a ribbon worm (6 damage)
             ... on level 2 of the Dungeon.
             The game lasted 00:02:22 (1911 turns).

PaiMei the Grave Robber (Demonspawn Necromancer)    Turns: 1911, Time: 00:02:22

Health: -4/26      AC:  2    Str:  8    XL:     3   Next: 37%
Magic:  1/6        EV: 12    Int: 17    God:
Gold:   82         SH:  4    Dex: 13    Spells: 5/6 levels left

rFire   . . .        c - +0 short sword
rCold   . . .        (no shield)
rNeg    . . .        a - +0 robe
rPois   .            (helmet restricted)
rElec   .            (no cloak)
rCorr   .            (no gloves)
SInv    .            (no boots)
Will    .....        (no amulet)
Stlth   ++           (no ring)
HPRegen 0.24/turn    (no ring)
MPRegen 0.10/turn

%: no passive effects
@: no status effects
A: antennae 1, condensation shield
a: no special abilities


You were on level 2 of the Dungeon.
You visited 1 branch of the dungeon, and saw 2 of its levels.

You collected 82 gold pieces.

Inventory:

Hand Weapons
 c - a +0 short sword (weapon)
Missiles
 e - 4 atropa-tipped darts (quivered)
Armour
 a - a +0 robe (worn)
Magical Staves
 f - a staff of death
Scrolls
 g - a scroll of noise {unknown}
 h - 2 scrolls of enchant armour {unknown}
 i - 2 scrolls of identify {unknown}
 j - a scroll of revelation {unknown}
 m - a scroll of teleportation {unknown}
Potions
 b - a potion of magic
 d - a potion of might {unknown}
 k - 2 potions of heal wounds {unknown}
 l - a potion of curing {unknown}


   Skills:
 + Level 1.1 Fighting
 + Level 2.3 Dodging
 - Level 2.0 Stealth
 + Level 2.4 Spellcasting
 + Level 4.7 Necromancy


You had 5 spell levels left.
You knew the following spells:

 Your Spells              Type           Power      Damage    Failure   Level
a - Necrotise             Necr           72%        1d7       2%          1

Your spell library contained the following spells:

 Spells                   Type           Power      Damage    Failure   Level
 Vampiric Draining        Necr           18%        2d7       8%          3
 Magic Dart               Conj           8%         1d3       19%         1
 Animate Dead             Necr           18%        N/A       26%         4
 Blink                    Tloc           4%         N/A       28%         2
 Call Imp                 Summ           4%         N/A       28%         2
 Ensorcelled Hibernation  Hex/Ice        4%         N/A       28%         2
 Passwall                 Erth           2%         N/A       50%         3
 Swiftness                Air            2%         N/A       50%         3
 Curse of Agony           Necr           18%        N/A       58%         5
 Iskenderun's Battlesphe  Conj           2%         2d6       99%         5
 Bombard                  Conj/Erth      1%         9d1       100%        6
 Spellforged Servitor     Conj/Summ      1%         N/A       100%        7


Dungeon Overview and Level Annotations

Branches:
Dungeon (2/15)

Altars:

Annotations:
D:1 2 transporters


Innate Abilities, Weirdness & Mutations

You have a pair of small antennae on your head.
A meltable shield of frost defends you. (SH +4)


Message History

The ribbon worm is heavily wounded.
You block the ribbon worm's attack.
You hit the ribbon worm.
The ribbon worm is severely wounded.
The ribbon worm bites you.
You hit the ribbon worm but do no damage.
The ribbon worm is heavily wounded.
The ribbon worm expels a string of sticky webbing.
The stream of webbing misses you.
You hit the ribbon worm.
The ribbon worm is severely wounded.
The ribbon worm closely misses you.
You hit the ribbon worm.
The ribbon worm is severely wounded.
You hit the ribbon worm but do no damage.
The ribbon worm is severely wounded.
The ribbon worm barely misses you.
Casting: Necrotise (safe; 2% risk of failure)
Confirm with . or Enter, or press ? or * to list all spells.
Aiming: Necrotise (safe; 2% risk of failure)
Press: ? - help, Shift-Dir - straight line, f/p - ribbon worm
Aim: a ribbon worm (severely wounded, catching its breath, chance to affect: 83%)
The ribbon worm writhes in agony.
The ribbon worm bites you!
* * * LOW HITPOINT WARNING * * *
You hit the ribbon worm.
The ribbon worm is severely wounded.
The ribbon worm bites you but does no damage.
Casting: Necrotise (safe; 2% risk of failure)
Confirm with . or Enter, or press ? or * to list all spells.
You don't have enough magic to cast this spell.
You hit the ribbon worm but do no damage.
The ribbon worm is severely wounded.
The ribbon worm bites you.
* * * LOW HITPOINT WARNING * * *
You barely miss the ribbon worm.
The ribbon worm is severely wounded.
You hit the ribbon worm.
The ribbon worm is almost dead.
The ribbon worm bites you.
You die...

.##....##....### ###
.#..♣♣.#..♣♣.#.#
..#.♣♣..#.♣♣..##
.##....##....###
#..#.##..#.##..#
#..##.#..##.#..#
.##....##....###
.#..♣♣.#..♣♣.#.#########
..#.♣♣..#.♣♣..#.@w......
.##....##....####.######
#..#.##..#.##..# .#
#..##.#..##.#..# .#
.##....##....## .#
.#..♣♣.#Z.♣♣.# .#
..#.♣♣..#.♣♣.. .#
.##....##....## .#
#..#.##..#.##


You could see a ribbon worm.

Vanquished Creatures
  An adder (D:2)
  A dart slug (D:1)
  4 ball pythons
  6 endoplasms (D:1)
  A giant cockroach (D:1)
  2 goblins
  5 hobgoblins (D:1)
  A quokka (D:1)
  2 bats
  2 frilled lizards
  3 rats
28 creatures vanquished.

Notes
Turn   | Place    | Note
-------+----------+-------------------------------------------
     0 | D:1      | PaiMei the Demonspawn Necromancer began the quest for the
                  | Orb.
     0 | D:1      | Reached XP level 1. HP: 13/13 MP: 3/3
   303 | D:1      | Gained mutation: A meltable shield of frost defends you.
                  | (SH +4) [demonic ancestry]
   303 | D:1      | Reached XP level 2. HP: 13/19 MP: 0/5
  1335 | D:1      | Gained mutation: You have a pair of small antennae on your
                  | head. [demonic ancestry]
  1335 | D:1      | Reached XP level 3. HP: 25/25 MP: 1/6
  1741 | D:2      | Reached skill level 1 in Fighting
  1911 | D:2      | Slain by a ribbon worm

Illustrated notes

Levels and vault maps discovered:
D:1:      spicycebolla_arrival_transporter_tutorial, layout_loops_corners
D:2:      layout_loops_ring, nicolae_eternal_life, kennysheep_generic_room_2

Skill      XL: |  1  2  3 |
---------------+----------+-----
Stealth        | 2 |  2.0
Dodging        | 2 |  2.3
Fighting       | 1 |  1.1
Spellcasting   | |  2.4
Necromancy     | |  4.7

Action                     || total
---------------------------++-------
  Melee: Short sword       ||    33
   Cast: Necrotise         ||    58
 Armour: Robe              ||    19
  Dodge: Dodged            ||    27
  Block: Other             ||     2
